 Dungeon Crawl Stone Soup version 0.31-a0-263-ge8cad7f256 (webtiles) character file.

Game seed: 11426374835955164469

52 qw the Shooter (level 3, -1/21 HPs)
             Began as a Gargoyle Hexslinger on July 13, 2023.
             Slain by a gnoll
             ... wielding a +0 spear
              (2 damage)
             ... on level 2 of the Dungeon.
             The game lasted 00:00:39 (1410 turns).

qw the Shooter (Gargoyle Hexslinger)                Turns: 1410, Time: 00:00:39

Health: -1/21      AC: 10    Str: 11    XL:     3   Next: 85%
Magic:  4/4        EV: 10    Int: 13    God:
Gold:   125        SH:  0    Dex: 14    Spells: 3/4 levels left

rFire   . . .        Y - +1 sling
rCold   . . .        (no shield)
rNeg    + . .        i - +0 ring mail
rPois   inf          (no helmet)
rElec   +            (no cloak)
rCorr   .            (no gloves)
SInv    +            f - +1 pair of boots
Will    .....        (no amulet)
Stlth   +            g - ring of see invisible
HPRegen 0.23/turn    (no ring)
MPRegen 0.09/turn

%: no passive effects
@: no status effects
A: sickness immunity, AC +3, negative energy resistance 1, electricity
resistance, torment resistance 1, petrification resistance
a: no special abilities


You were on level 2 of the Dungeon.
You visited 1 branch of the dungeon, and saw 3 of its levels.

You collected 125 gold pieces.


Innate Abilities, Weirdness & Mutations

You are immune to sickness and miasma.
Your stone body is resilient. (AC +3)
You are immune to poison.
You resist negative energy. (rN+)
You are resistant to electric shocks. (rElec)
You are resistant to unholy torment.
You are immune to petrification.


   Skills:
 - Level 2.0 Fighting
 - Level 3.7 Ranged Weapons
 + Level 0.0 Armour
 - Level 1.5 Dodging
 - Level 1.0 Spellcasting
 - Level 2.6 Hexes


You had 3 spell levels left.
You knew the following spells:

 Your Spells              Type           Power      Damage    Failure   Level
a - Slow                  Hex            28%        N/A       22%         1

Your spell library contained the following spells:

 Spells                   Type           Power      Damage    Failure   Level
 Inner Flame              Hex/Fire       4%         N/A       75%         3
 Portal Projectile        Hex/Tloc       8%         N/A       75%         3
 Cause Fear               Hex            3%         N/A       92%         4

Inventory:

Hand Weapons
 Y - a +1 sling (weapon)
Armour
 f - a +1 pair of boots (worn)
 i - a +0 ring mail (worn)
Jewellery
 g - a ring of see invisible (left hand)
Potions
 h - a potion of heal wounds {unknown}

Dungeon Overview and Level Annotations

Branches:
Dungeon (3/15)

Altars:

Shops:
D:1 (


Message History

The gnoll hits you from afar with a +0 spear.
The gnoll hits you but does no damage. x2; The gnoll misses you.
The gnoll barely misses you.
1371 ||| STAIRDANCE The gnoll hits you but does no damage.
The gnoll hits you from afar with a +0 spear.
The gnoll hits you but does no damage.
You climb upwards.
There is a stone staircase leading down here.
You start resting.
HP restored.
Done exploring.
(D) Dungeon
Where to? (* - list waypoints, Enter - D:3, ? - help)
What level of the Dungeon? (default 1, ? - help)
You climb downwards.
The gnoll hits you but does no damage. The gnoll barely misses you.
There is a stone staircase leading up here.
You shoot a sling bullet.
The sling bullet barely misses the gnoll.
The gnoll hits you but does no damage. x3
You shoot a sling bullet. The sling bullet hits the gnoll.
The gnoll is moderately wounded.
The gnoll hits you with a +0 whip.
The gnoll hits you from afar with a +0 spear.
The gnoll hits you but does no damage. x3; The gnoll barely misses you.
The gnoll hits you but does no damage. x2
1407 ||| STAIRDANCE The gnoll hits you from afar with a +0 spear.
The gnoll closely misses you. The gnoll hits you but does no damage.
The gnoll hits you with a +0 whip.
You climb upwards.
There is a stone staircase leading down here.
You shoot a sling bullet. The sling bullet hits the gnoll.
The gnoll is heavily wounded.
The gnoll hits you with a +0 spear. The gnoll hits you with a +0 whip.
You shoot a sling bullet.
The sling bullet closely misses the gnoll.
The gnoll hits you with a +0 spear.
You die...

.# ###.....<.##### #.# .#
###.......##########.. .#
#.......#........... .##########
##.....##.##########
..........######...###.# #
###...........##.#.# #.# ####
#.#####.###.##.#.###.# #... #.#
#.# #.##g#.....# #.## ###.#
#.###.##@####### #.#
....#####.##...#g# #.#
.#........)......# #.#
....#####..#.....# #.#
###....###.##.#..# #.#
.#..##.###.##.#..###### #.##
#.#........(..........# #...
#.#........####..####.###########
#.#........## #..####.#.....#####


You could see 2 gnolls.

Vanquished Creatures
  An adder (D:2)
  A dart slug (D:2)
  2 bats (D:2)
  2 endoplasms (D:2)
  4 giant cockroaches
  4 goblins
  5 hobgoblins
  4 jackals (D:2)
  2 kobolds
  2 quokkas (D:2)
  3 ball pythons
  2 frilled lizards
  3 rats
35 creatures vanquished.

Notes
Turn   | Place    | Note
-------+----------+-------------------------------------------
     0 | D:1      | qw the Gargoyle Hexslinger began the quest for the Orb.
     0 | D:1      | Reached XP level 1. HP: 12/12 MP: 2/2
     0 | D:1      | 0 ||| qw: Version: 0.3-a-52-g30416fa
     0 | D:1      | 0 ||| qw: Game counter: 7408
     0 | D:1      | 0 ||| qw: Melee chars always use a shield: true
     0 | D:1      | 0 ||| qw: God list: Okawaru
     0 | D:1      | 0 ||| qw: Allow faded altars: false
     0 | D:1      | 0 ||| qw: Do Orc after clearing Dungeon:15 true
     0 | D:1      | 0 ||| qw: Do second Lair branch before Depths: true
     0 | D:1      | 0 ||| qw: Lair rune preference: random
     0 | D:1      | 0 ||| qw: Goals: Normal
     0 | D:1      | 0 ||| PLANNING D:1-11
    61 | D:1      | Found Zearreufre's Weapon Shop.
    99 | D:1      | Reached XP level 2. HP: 15/16 MP: 3/3
   365 | D:1      | Found a faded altar of an unknown god.
   583 | D:1      | 583 ||| UPGRADING to +0 leather armour.
   593 | D:1      | 593 ||| DROPPING +0 robe.
   594 | D:1      | 594 ||| UPGRADING to +0 pair of boots.
   599 | D:1      | 599 ||| UPGRADING to ring of see invisible.
   600 | D:1      | 600 ||| READING scroll labelled GUDOMU YPNOTIEDGHU.
   601 | D:1      | 601 ||| DROPPING scroll of poison.
   653 | D:2      | Reached skill level 3 in Ranged Weapons
   657 | D:2      | 657 ||| STAIRDANCE
   763 | D:2      | Reached XP level 3. HP: 21/21 MP: 4/4
  1169 | D:2      | 1169 ||| READING scroll of enchant armour.
  1169 | D:2      | 1169 ||| ENCHANTING +0 pair of boots.
  1326 | D:2      | 1326 ||| DROPPING scarf of invisibility.
  1327 | D:2      | 1327 ||| UPGRADING to +0 ring mail.
  1337 | D:2      | 1337 ||| DROPPING +0 leather armour.
  1338 | D:2      | 1338 ||| READING scroll labelled ROMOIVVANKE.
  1339 | D:2      | 1339 ||| READING scroll labelled DOZUAN LAOSS.
  1340 | D:2      | 1340 ||| READING scroll labelled ROIFI PIOT.
  1371 | D:3      | 1371 ||| STAIRDANCE
  1407 | D:3      | 1407 ||| STAIRDANCE
  1409 | D:2      | HP: 5/21 [gnoll/+0 spear (2)]
  1409 | D:2      | HP: 1/21 [gnoll/+0 whip (4)]
  1410 | D:2      | Slain by a gnoll

Levels and vault maps discovered:
D:1:      kennysheep_arrival_seaside, layout_rooms, serial_shops,
          nicolae_shop_stone, nicolae_ecumenical_lake_church,
          minmay_misc_feat_ornament
D:2:      layout_loops_ring
D:3:      layout_basic, nicolae_uskayaw_en_pointe, uniq_ijyb

Skill      XL: |  1  2 |
---------------+-------+-----
Ranged Weapons | 3 |  3.7
Fighting       | 2 |  2.0
Dodging        | |  1.5
Spellcasting   | |  1.0
Hexes          | |  2.6

Action                     || total
---------------------------++-------
   Fire: Sling             ||   161
    Use: Scroll            ||     5
 Armour: Leather armour    ||    41
         Robe              ||     4
         Ring mail         ||    14
  Dodge: Dodged            ||   100

Table legend:
 A = Non-vault XP
 B = Vault XP
 C = Vault XP percentage of total XP
 D = Non-vault monster count
 E = Vault monster count
 F = Vault count percentage of total count
                 A         B        C        D         E       F
            +---------+---------+-------+---------+---------+-------
      Total |      75 |       0 |   0.0 |      35 |       0 |   0.0
            +---------+---------+-------+---------+---------+-------
        D:1 |      22 |       0 |   0.0 |      13 |       0 |   0.0
        D:2 |      53 |       0 |   0.0 |      22 |       0 |   0.0
            +---------+---------+-------+---------+---------+-------
